 Dungeon Crawl Stone Soup version 0.21.1-1-g345015f (webtiles) character file.

320 Kairos the Chopper (level 6, -9/56 HPs)
             Began as a Hill Orc Fighter on Mar 17, 2018.
             Mangled by EtherFrog's ghost (15 damage)
             ... on level 4 of the Dungeon.
             The game lasted 00:06:23 (2572 turns).

Kairos the Chopper (Hill Orc Fighter)               Turns: 2572, Time: 00:06:24

Health: -9/56      AC:  7    Str: 21    XL:     6   Next: 46%
Magic:  6/6        EV:  8    Int:  8    God:
Gold:   378        SH: 10    Dex: 18    Spells: 5/5 levels left

rFire    . . .     SeeInvis .   a - +0 war axe
rCold    . . .     Gourm    +   c - +0 shield
rNeg     . . .     Faith    .   b - +0 scale mail
rPois    .         Spirit   .   (no helmet)
rElec    .         Reflect  .   (no cloak)
rCorr    .         Harm     .   (no gloves)
MR       .....                  (no boots)
Stlth    ..........             g - amulet of the gourmand
HPRegen  0.18/turn              q - +5 ring of dexterity
MPRegen  0.10/turn              m - +3 ring of dexterity (curse)

@: no status effects
A: no striking features
a: no special abilities


You were on level 4 of the Dungeon.
You were not hungry.

You visited 1 branch of the dungeon, and saw 4 of its levels.
You also visited: Ossuary.

You collected 378 gold pieces.

Inventory:

Hand Weapons
 a - a +0 war axe (weapon)
Armour
 b - a +0 scale mail (worn)
 c - a +0 shield (worn)
 r - a +0 large shield
Jewellery
 g - an amulet of the gourmand (around neck)
 i - an uncursed ring of protection from fire
 m - a cursed +3 ring of dexterity (right hand)
 q - a +5 ring of dexterity (left hand)
Scrolls
 e - 5 scrolls of identify {unknown}
 o - 3 scrolls of remove curse {unknown}
 s - 2 scrolls of amnesia {unknown}
 t - a scroll of fog {unknown}
 u - a scroll of teleportation {unknown}
Potions
 d - a potion of might
 h - a potion of lignification {unknown}
 j - a potion of heal wounds {unknown}
 k - a potion of flight {unknown}
 l - a potion of brilliance {unknown}
 n - a potion of degeneration {unknown}
 p - 2 potions of curing {unknown}
Comestibles
 f - 5 rations


   Skills:
 + Level 5.2 Fighting
 + Level 6.0 Axes
 + Level 4.0 Armour
 + Level 0.6 Dodging
 + Level 4.3 Shields


You had 5 spell levels left.
You didn't know any spells.

Dungeon Overview and Level Annotations

Branches:
Dungeon (4/15)
 Temple: D:4-7

Altars:

Annotations:
D:4 EtherFrog's ghost, amateur TrMo


Message History

EtherFrog's ghost is lightly damaged.
EtherFrog's ghost hits you!
You are too injured to fight recklessly!
You are too injured to fight recklessly!
EtherFrog's ghost is nearby!
You block EtherFrog's ghost's attack.
Really walk into that teleport trap? [Y]es or [N]o only, please.
Really walk into that teleport trap?
Okay, then.
EtherFrog's ghost hits you!
Found an escape hatch in the ceiling.
EtherFrog's ghost hits you!
* * * LOW HITPOINT WARNING * * *
EtherFrog's ghost whispers, "Death is liberation."
EtherFrog's ghost hits you!
* * * LOW HITPOINT WARNING * * *
There is an escape hatch in the ceiling here.
EtherFrog's ghost hits you!
You die...

#... #.#.......
##..#####.####'###
+.................
#....####.#......#
#....####.#.###..#
#..#.^....#.# #..#
#..#....#.#.# #..#
#W.#..###.... ...#
#@.#..# #.#.###.##
#............##.##
#.##..#.#...... .
#...........###. #
###.#.#..... .
#.#.# ..... .
..#.# #..# .
####.. ..# . .


You could see EtherFrog's ghost.

Vanquished Creatures
  An elf zombie (Ossuary)
  A centaur zombie (Ossuary)
  A bullfrog zombie (D:3)
  2 worker ants (D:4)
  2 mummies (Ossuary)
  A howler monkey skeleton (D:3)
  3 adders (D:3)
  An ooze (D:2)
  3 worms
  A dart slug (D:3)
  4 leopard geckos
  An orc (D:3)
  8 bats
  A giant cockroach (D:3)
  2 gnoll zombies (Ossuary)
  7 goblins
  5 hobgoblins
  4 frilled lizards
  3 goblin zombies (Ossuary)
  5 hobgoblin zombies (Ossuary)
  4 kobolds (D:1)
  2 orc zombies (Ossuary)
  5 rats
67 creatures vanquished.

Notes
Turn   | Place    | Note
-------+----------+-------------------------------------------
     0 | D:1      | Kairos the Hill Orc Fighter began the quest for the Orb.
     0 | D:1      | Reached XP level 1. HP: 19/19 MP: 1/1
   192 | D:1      | Reached XP level 2. HP: 23/27 MP: 2/2
   558 | D:2      | Reached XP level 3. HP: 14/33 MP: 3/3
   960 | D:3      | Reached skill level 3 in Axes
   972 | D:3      | Reached XP level 4. HP: 24/41 MP: 4/4
  1179 | D:3      | Reached skill level 4 in Axes
  1333 | D:3      | Reached XP level 5. HP: 41/47 MP: 5/5
  1824 | D:4      | Reached skill level 5 in Axes
  1997 | D:4      | Found a sand-covered staircase.
  2043 | Ossuary  | Entered an ossuary
  2079 | Ossuary  | Reached XP level 6. HP: 55/55 MP: 6/6
  2119 | Ossuary  | Reached skill level 6 in Axes
  2533 | D:4      | Reached skill level 5 in Fighting
  2551 | D:4      | Noticed EtherFrog's ghost (amateur TrMo)
  2572 | D:4      | Mangled by EtherFrog's ghost

Skill      XL: |  1  2  3  4  5  6 |
---------------+-------------------+-----
Fighting       | 4 5 |  5.2
Axes           | 3 4 5 6 |  6.0
Shields        | 4 |  4.3
Armour         | 4 |  4.0
Dodging        | |  0.6

Action                   |  1- 3 |  4- 6 || total
-------------------------+-------+-------++-------
Melee: War axe           |    84 |   117 ||   201
  Eat: Chunk             |     2 |     6 ||     8
Armor: Scale mail        |    51 |    45 ||    96
Dodge: Dodged            |    25 |    37 ||    62
Block: Shield            |    52 |    66 ||   118
